 Dungeon Crawl Stone Soup version 0.25-a0-189-gf71692caf1 (webtiles) character file.

Game seed: 12538526977080236585, levelgen mode: deterministic

257 DavidChitty2 the Conjurer (level 5, -2/28 HPs)
             Began as a Deep Elf Conjurer on Nov 29, 2019.
             Killed by nerve-wracking pain
             ... invoked by an orc priest
              (10 damage)
             ... on level 3 of the Dungeon.
             The game lasted 00:06:13 (4138 turns).

DavidChitty2 the Conjurer (Deep Elf Conjurer)       Turns: 4138, Time: 00:06:14

Health: -2/28      AC:  6    Str:  5    XL:     5   Next: 93%
Magic:  0/13       EV: 14    Int: 21    God:
Gold:   169        SH:  0    Dex: 15    Spells: 5/12 levels left

rFire    . . .     SeeInvis .   a - +0 dagger
rCold    . . .     Gourm    .   (no shield)
rNeg     . . .     Faith    .   i - +0 robe
rPois    .         Spirit   .   u - +0 helmet
rElec    .         Reflect  .   m - +2 cloak
rCorr    .         Harm     .   (no gloves)
MR       .....                  (no boots)
Stlth    ++........             (no amulet)
HPRegen  0.09/turn              (no ring)
MPRegen  0.13/turn              (no ring)

@: lethally poisoned (-2 -> -17)
A: no striking features
a: no special abilities


You were on level 3 of the Dungeon.
You were not hungry.

You visited 1 branch of the dungeon, and saw 3 of its levels.

You collected 169 gold pieces.

Inventory:

Hand Weapons
 a - a +0 dagger (weapon)
   (You found it on level 1 of the Dungeon)
Missiles
 f - 174 stones (quivered)
 g - 56 sling bullets
 k - 10 poisoned darts
Armour
 b - a +0 buckler
   (You found it on level 1 of the Dungeon)
 i - a +0 robe (worn)
 m - a +2 cloak (worn)
   (You found it on level 1 of the Dungeon)
 u - a +0 helmet (worn)
   (You took it off Robin on level 2 of the Dungeon)
Jewellery
 o - an uncursed ring of protection from cold
   (You took it off a hobgoblin on level 3 of the Dungeon)
 B - a +6 ring of protection {unknown}
   (You found it on level 3 of the Dungeon)
Scrolls
 c - a scroll of enchant weapon {unknown}
 j - a scroll of noise {unknown}
 l - 3 scrolls of identify {unknown}
 n - a scroll of blinking {unknown}
 t - a scroll of amnesia {unknown}
 v - a scroll of enchant armour {unknown}
 w - a scroll of magic mapping {unknown}
 y - a scroll of immolation {unknown}
 z - 4 scrolls of remove curse {unknown}
Potions
 d - a potion of curing {unknown}
 h - 3 potions of brilliance {unknown}
 p - a potion of heal wounds {unknown}
 q - a potion of invisibility {unknown}
 r - a potion of magic {unknown}
 x - a potion of might {unknown}
 A - 2 potions of mutation {unknown}
Comestibles
 e - 5 rations {!d}
 s - 3 chunks of flesh


   Skills:
 + Level 3.6 Dodging
 - Level 2.4 Stealth
 * Level 2.5 Shields
 + Level 4.4 Spellcasting
 * Level 5.8 Conjurations


You had 5 spell levels left.
You knew the following spells:

 Your Spells              Type           Power        Failure   Level  Hunger
a - Magic Dart            Conj           ####         1%          1    None
s - Searing Ray           Conj           ####..       1%          2    #......
x - Iskenderun's Mystic   Conj           ####....     11%         4    ####...

Your spell library contained the following spells:

 Spells                   Type           Power        Failure   Level  Hunger
 Dazzling Spray           Conj/Hex       ###...       11%         3    ##.....
 Force Lance              Conj/Tloc      ###.....     34%         4    ####...
 Fulminant Prism          Conj/Hex       ###.......   34%         4    ####...


Dungeon Overview and Level Annotations

Branches:
Dungeon (3/15)

Altars:
Fedhas
Hepliaklqana
Sif Muna


Message History

a jackal skeleton; an adder skeleton 2 orcs come into view.
There are monsters nearby!
Aim: an orc, wearing a +0 leather armour (resting)
The magic dart hits the orc.
The orc shouts! x2
An orc comes into view. It is wielding a +0 trident.
Aim: an orc, wielding a +0 trident and wearing a +0 leather armour The magic dart hits the orc.
Aim: an orc, wielding a +0 trident and wearing a +0 leather armour (heavily wounded)
The magic dart hits the orc.
Aim: an orc, wielding a +0 trident and wearing a +0 leather armour (severely wounded)
The magic dart hits the orc.
You kill the orc!
Aim: an orc, wearing a +0 leather armour (lightly wounded)
The magic dart hits the orc but does no damage.
Aim: an orc, wearing a +0 leather armour (lightly wounded)
The magic dart hits the orc!
You kill the orc!
Aim: an orc, wearing a +0 leather armour The magic dart hits the orc but does no damage.
Aim: an orc, wearing a +0 leather armour The magic dart hits the orc.
Aim: an orc, wearing a +0 leather armour (lightly wounded)
The magic dart hits the orc.
An orc comes into view. It is wielding a +2 trident of venom.
Aim: an orc, wearing a +0 leather armour (heavily wounded)
The magic dart hits the orc.
You kill the orc!
The orc shouts!
You hear a shout!
An orc priest comes into view. It is wielding a +0 club.
Aim: an orc priest, wielding a +0 club and wearing a +0 leather armour The magic dart hits the orc priest but does no damage.
Aim: an orc priest, wielding a +0 club and wearing a +0 leather armour The magic dart hits the orc priest!
The orc priest invokes the aid of Beogh against you.
Pain shoots through your body!
Ouch! That really hurt!
* * * LOW HITPOINT WARNING * * *
You don't have enough magic to cast that spell.
Aim: an orc priest, wielding a +0 club and wearing a +0 leather armour (heavily wounded)
The searing ray hits the orc priest. (Press . to maintain the ray.) Without enough magic to sustain it, your searing ray dissipates.
The orc hits you from afar with a +2 trident of venom!
* * * LOW HITPOINT WARNING * * *
You are lethally poisoned!
The orc priest calls down the wrath of Beogh upon you.
Pain shoots through your body!
You die...

#
#.##.........#.#[.
#
#.####.###.###.#..
# #.# #.[##.#.. #
#.# ##.##.(.. #
#.# #.##.##. # #.#
#..#.... # #.#
##.####. # #.#
#.## #. # #@#
##..###. #
#.oo[).# #.......
# ########
#.#..##. #
#....#.. #
#.##.... #
####.... # #..#. #
#..#. # #....


You could see an orc priest and an orc.

Vanquished Creatures
  An orc wizard (D:1)
  Robin (D:2)
  4 gnolls (D:3)
  7 adders
  A worm (D:3)
  5 dart slugs
  A leopard gecko (D:1)
  7 orcs
  4 giant cockroaches
  13 goblins
  9 hobgoblins
  11 jackals
  5 kobolds
  A quokka (D:3)
  2 ball pythons (D:3)
  15 bats
  A frilled lizard (D:2)
  10 rats
98 creatures vanquished.

Notes
Turn   | Place    | Note
-------+----------+-------------------------------------------
     0 | D:1      | DavidChitty2 the Deep Elf Conjurer began the quest for the
                  | Orb.
     0 | D:1      | Reached XP level 1. HP: 10/10 MP: 6/6
   263 | D:1      | Reached XP level 2. HP: 15/15 MP: 5/8
   267 | D:1      | Learned a level 2 spell: Searing Ray
   650 | D:1      | Reached skill level 1 in Shields
   837 | D:1      | Reached XP level 3. HP: 19/19 MP: 4/9
  1895 | D:2      | Reached skill level 5 in Conjurations
  1897 | D:2      | Reached XP level 4. HP: 24/24 MP: 2/11
  2039 | D:2      | Noticed Robin
  2053 | D:2      | Killed Robin
  2146 | D:1      | Learned a level 4 spell: Iskenderun's Mystic Blast
  2662 | D:2      | Reached XP level 5. HP: 21/28 MP: 6/13
  3828 | D:3      | Found a blossoming altar of Fedhas.
  3867 | D:3      | Found a hazy altar of Hepliaklqana.
  3905 | D:3      | Found a shimmering blue altar of Sif Muna.
  4138 | D:3      | Killed from afar by an orc priest

Levels and vault maps discovered:
D:1:      lightli_iron_boxes, layout_loops_ring,
          wander_ebering_terrifying_dragon_lair
D:2:      layout_basic, uniq_robin
D:3:      layout_basic, nicolae_overflow_hidden_temple, first_ration

Skill      XL: |  1  2  3  4 |
---------------+-------------+-----
Shields        | 1 2 |  2.5
Dodging        | 3 |  3.6
Conjurations   | 5 |  5.8
Spellcasting   | 4 |  4.4
Stealth        | |  2.4

Action                   |  1- 3 |  4- 6 || total
-------------------------+-------+-------++-------
Melee: Dagger            |     2 |     3 ||     5
 Cast: Magic Dart        |    81 |    98 ||   179
       Searing Ray       |       |     7 ||     7
  Eat: Chunk             |     3 |     7 ||    10
Armor: Robe              |     4 |     7 ||    11
Dodge: Dodged            |     7 |    32 ||    39

Table legend:
 A = Non-vault XP
 B = Vault XP
 C = Vault XP percentage of total XP
 D = Non-vault monster count
 E = Vault monster count
 F = Vault count percentage of total count
                 A         B        C        D         E       F
            +---------+---------+-------+---------+---------+-------
      Total |     326 |      42 |  11.4 |      84 |      14 |  14.3
            +---------+---------+-------+---------+---------+-------
        D:1 |      92 |       7 |   7.1 |      31 |       3 |   8.8
        D:2 |      87 |      35 |  28.7 |      23 |      11 |  32.4
        D:3 |     147 |       0 |   0.0 |      30 |       0 |   0.0
            +---------+---------+-------+---------+---------+-------
